 Dungeon Crawl Stone Soup version 0.27.1-3-gb3d3a73c9e (webtiles) character file.

Game seed: 11087443951344144385

61 belegose the Skirmisher (level 3, 0/30 HPs)
             Began as a Mummy Abyssal Knight on Oct 29, 2021.
             Was a Follower of Lugonu.
             Slain by a gnoll (9 damage)
             ... on level 1 of the Dungeon.
             The game lasted 00:04:47 (1808 turns).

belegose the Skirmisher (Mummy Abyssal Knight)      Turns: 1808, Time: 00:04:47

Health: 0/30       AC:  7    Str: 15    XL:     3   Next: 83%
Magic:  4/4        EV:  9    Int: 12    God:    Lugonu [*.....]
Gold:   21         SH:  0    Dex: 11    Spells: 2/2 levels left

rFire    x . .     SeeInvis .   a - +1 mace
rCold    + . .     Faith    .   (no shield)
rNeg     + + +     Spirit   .   j - +0 scale mail
rPois    ∞         Reflect  .   i - +0 helmet
rElec    .         Harm     .   (no cloak)
rCorr    .         Rampage  .   (no gloves)
Will     .....                  (no boots)
Stlth    ..........             (no amulet)
HPRegen  0.10/turn              (no ring)
MPRegen  0.09/turn              (no ring)

@: no status effects
A: cold resistance 1, negative energy resistance 3, torment resistance 2, heat
vulnerability 1, no potions
a: Renounce Religion, Depart the Abyss


You were on level 1 of the Dungeon.
You worshipped Lugonu.
Lugonu was aware of your devotion.
You visited 1 branch of the dungeon, and saw 3 of its levels.
You visited the Abyss 1 time.

You collected 21 gold pieces.

Inventory:

Hand Weapons
 a - a +1 mace (weapon)
 c - a +0 quarterstaff
 d - a +0 trident
Missiles
 e - 42 stones
 f - 5 boomerangs
 g - 41 sling bullets
Armour
 i - a +0 helmet (worn)
 j - a +0 scale mail (worn)
Scrolls
 h - a scroll of immolation {unknown}


   Skills:
 + Level 3.6 Fighting
 + Level 2.3 Maces & Flails
 - Level 1.5 Armour
 - Level 0.7 Dodging
 + Level 2.5 Invocations


You had 2 spell levels left.
You didn't know any spells.
Your spell library contained the following spells:

 Spells                   Type           Power      Damage    Failure   Level
 Slow                     Hex            0%         N/A       89%         2
 Confusing Touch          Hex            0%         N/A       98%         3
 Vampiric Draining        Necr           0%         2d6       98%         3
 Summon Forest            Summ/Tloc      0%         N/A       100%        5
 Eringya's Noxious Bog    Tmut/Pois      0%         N/A       100%        6
 Summon Hydra             Summ           0%         N/A       100%        7


Dungeon Overview and Level Annotations

Branches:
Dungeon (3/15)

Altars:

Annotations:
D:2 Robin


Innate Abilities, Weirdness & Mutations

You are immune to poison.
Your flesh is cold resistant. (rC+)
You are immune to negative energy. (rN+++)
You are immune to unholy pain and torment.
You are vulnerable to heat. (rF-)
You do not drink.


Message History

The hobgoblin barely misses you.
You hit the hobgoblin.
You kill the hobgoblin!
Lugonu accepts your kill.
No target in view!
No target in view!
You start resting.
HP restored.
Items here: )) ÷ ††.
There is a stone staircase leading down here.
Items here: ) ÷ ††.
There is a stone staircase leading down here.
You climb downwards.
Level annotation: Robin
There is a stone staircase leading up here.
A gnoll is nearby!
The gnoll shouts!
You hear a shout!
You hit the gnoll.
The gnoll is lightly wounded.
The gnoll hits you with a +0 hand axe. The gnoll hits you with a +0 hand axe.
The gnoll barely misses you. The gnoll hits you but does no damage.
There is a stone staircase leading up here.
The gnoll closely misses you.
You climb upwards.
There is a stone staircase leading down here.
Unknown command.
You barely miss the gnoll.
The gnoll is lightly wounded.
The gnoll hits you with a +0 hand axe.
You hit the gnoll.
The gnoll is moderately wounded.
The gnoll hits you but does no damage.
You barely miss the gnoll.
The gnoll is moderately wounded.
The gnoll hits you with a +0 hand axe!
* * * LOW HITPOINT WARNING * * *
The gnoll hits you with a +0 hand axe!
You die...

#........#####.########
#.######..............#
#.######.#####..#.###.#
#.#...##.#####..#.###.#
#.#...##.....)..#..##.#
##.......#######.##.##.#
#...........# #.##.##.#
##..†.......# #†).....#
............## #@##.##.#
.#.#.........# #†g..##.#
.#...........###.#####.#
.######.#........#####.# ....#
#.####.###....^..# .##.###.####.#
#.####### ......#......# #.#
######### ###.#........###.#
#........
....###.####.....########.####..#


You could see a gnoll.

Vanquished Creatures
  An adder (D:2)
  5 dart slugs
  4 endoplasms
  A giant cockroach (D:3)
  4 goblins (D:1)
  6 hobgoblins (D:1)
  3 jackals (D:2)
  3 quokkas (D:2)
  3 ball pythons
  4 bats
  3 frilled lizards
  2 rats
39 creatures vanquished.

Vanquished Creatures (others)
  21 plants (D:2)
21 creatures vanquished.

Grand Total: 60 creatures vanquished

Notes
Turn   | Place    | Note
-------+----------+-------------------------------------------
     0 | Abyss:1  | belegose the Mummy Abyssal Knight began the quest for the
                  | Orb.
     0 | Abyss:1  | Reached XP level 1. HP: 18/18 MP: 2/2
   101 | Abyss:1  | Noticed a titan simulacrum
   119 | Abyss:1  | Noticed a quasit
   120 | D:1      | Escaped the Abyss
   365 | D:1      | Reached XP level 2. HP: 22/24 MP: 3/3
   702 | D:1      | Reached * piety under Lugonu
  1167 | D:2      | Reached XP level 3. HP: 26/29 MP: 4/4
  1514 | D:2      | Noticed Robin
  1808 | D:1      | Slain by a gnoll

Illustrated notes

Levels and vault maps discovered:
D:1:      heliophobic_arrival_henge, layout_loops_cross
D:2:      wad_woods_settlement, layout_basic, basic_altar, st_stairs_7,
          minmay_hedge_maze, uniq_robin
D:3:      layout_basic, shapermc_ecumenical_altar_mp_vishouse, uniq_sigmund

Skill      XL: |  1  2 |
---------------+-------+-----
Invocations    | 2 |  2.5
Maces & Flails | 2 |  2.3
Fighting       | |  3.6
Armour         | |  1.5
Dodging        | |  0.7

Action                   || total
-------------------------++-------
Melee: Mace              ||   107
Invok: Depart the Abyss  ||     1
Armor: Leather armour    ||    19
       Scale mail        ||    34
Dodge: Dodged            ||    91
